 Dungeon Crawl Stone Soup version 0.27-a0-1590-g15f69828bf (webtiles) character file.

Game seed: 363367249870404137

21 duskshroud the Chopper (level 2, -3/40 HPs)
             Began as a Minotaur Berserker on July 19, 2021.
             Was a Follower of Trog.
             Slain by an adder (4 damage)
             ... on level 2 of the Dungeon.
             The game lasted 00:02:01 (871 turns).

duskshroud the Chopper (Minotaur Berserker)          Turns: 871, Time: 00:02:01

Health: -3/40      AC:  2    Str: 21    XL:     2   Next: 62%
Magic:  1/1        EV: 11    Int:  4    God:    Trog [*.....]
Gold:   29         SH:  4    Dex:  9    Spells: 1/1 levels left

rFire    . . .     SeeInvis .   a - +0 hand axe
rCold    . . .     Faith    .   h - +2 buckler
rNeg     . . .     Spirit   .   b - +0 animal skin
rPois    .         Reflect  .   (helmet restricted)
rElec    .         Harm     .   (no cloak)
rCorr    .         Rampage  .   (no gloves)
Will     .....                  (no boots)
Stlth    ..........             (no amulet)
HPRegen  0.13/turn              (no ring)
MPRegen  0.07/turn              (no ring)

@: berserking, lethally poisoned (-3 -> -8), very quick
A: horns 2, retaliatory headbutt
a: Renounce Religion, Berserk


You were on level 2 of the Dungeon.
You worshipped Trog.
Trog was aware of your devotion.
You visited 1 branch of the dungeon, and saw 2 of its levels.

You collected 29 gold pieces.

Inventory:

Hand Weapons
 a - a +0 hand axe (weapon)
 i - a +0 mace
Armour
 b - a +0 animal skin (worn)
 c - a +0 kite shield
 h - a +2 buckler (worn)
Scrolls
 d - a scroll of silence {unknown}
 e - 2 scrolls of fog {unknown}
 g - a scroll of noise {unknown}


   Skills:
 + Level 4.0 Fighting
 * Level 4.5 Axes
 - Level 2.4 Armour
 - Level 2.1 Dodging
 * Level 0.0 Shields


You had one spell level left.
You didn't know any spells.
Your spell library was empty.

Dungeon Overview and Level Annotations

Branches:
Dungeon (2/15)

Altars:

Shops:
D:1 =


Innate Abilities, Weirdness & Mutations

You have a pair of horns on your head.
You reflexively headbutt those who attack you in melee.


Message History

You continue putting on your +2 buckler. x4
You finish putting on your +2 buckler.
Your movement speed is average.
Your attack delay is about 1.1.
An adder comes into view.
The adder hisses angrily.
An adder comes into view.
You see here 29 bolts.
A rat comes into view.
A goblin comes into view. It is wielding a +0 dagger.
The adder bites you.
You are poisoned.
The adder poisons you!
You see here a +0 mace.
i - a +0 mace You feel sick.
The adder bites you.
You are more poisoned.
The adder poisons you!
You closely miss the adder. Your headbutt misses the adder.
You feel very sick. The adder bites you.
You are lethally poisoned!
The adder poisons you! The adder bites you.
You are more poisoned.
The adder poisons you!
* * * LOW HITPOINT WARNING * * *
You feel very sick.
* * * LOW HITPOINT WARNING * * *
You feel very sick. You block the adder's attack.
It was a potion of curing.
You feel better. You block the adder's attack. The adder bites you.
* * * LOW HITPOINT WARNING * * *
You are lethally poisoned!
The adder poisons you! The rat bites you.
* * * LOW HITPOINT WARNING * * *
A red film seems to cover your vision as you go berserk!
You feel yourself moving faster!
You feel mighty!
* * * LOW HITPOINT WARNING * * *
You feel sick. The adder closely misses you. The adder bites you.
You die...

.#.#.........#
.#.#..........#
#[.(#.(.......#
..#.#..........#
#.#.........#
..#..........#
#.#.....g.....#
#........S..###
###......S@.#
........r..#
...........#
...........#
...........##
..########..#########
........).........
#############..#####.##
#..........###.##


You could see 2 adders, a goblin and a rat.

Vanquished Creatures
  An adder (D:2)
  4 bats (D:1)
  An endoplasm (D:1)
  A giant cockroach (D:2)
  4 hobgoblins (D:1)
11 creatures vanquished.

Notes
Turn   | Place    | Note
-------+----------+-------------------------------------------
     0 | D:1      | duskshroud the Minotaur Berserker began the quest for the
                  | Orb.
     0 | D:1      | Reached XP level 1. HP: 19/19 MP: 0/0
   509 | D:1      | Found Qela's Jewellery Emporium.
   609 | D:1      | Reached XP level 2. HP: 27/27 MP: 1/1
   869 | D:2      | HP: 1/27 [poisoned by an adder]
   871 | D:2      | Slain by an adder

Illustrated notes

Levels and vault maps discovered:
D:1:      evilmike_arrival_rings, layout_basic, serial_shops, shop
D:2:      kennysheep_six_static_rooms, layout_basic,
          shapermc_ecumenical_altar_totnotflames, minmay_tiny_reverse_x

Skill      XL: |  1  2 |
---------------+-------+-----
Axes           | 4 |  4.5
Fighting       | 4 |  4.0
Armour         | |  2.4
Dodging        | |  2.1

Action                   || total
-------------------------++-------
Melee: Hand axe          ||    18
       Headbutt          ||     3
Invok: Berserk           ||     1
  Use: Potion            ||     1
Armor: Animal skin       ||     4
Dodge: Dodged            ||    15
Block: Buckler           ||     2

Table legend: (Time is in decaauts)
 A = Elapsed time spent in this place.
 B = Non-inter-level travel time spent in this place.
 C = Inter-level travel time spent in this place.
 D = Time resting spent in this place.
 E = Time spent auto-exploring this place.
 F = Levels seen in this place.
 G = Mean time per level.
                   A        B        C        D        E       F      G
               +--------+--------+--------+--------+--------+-----+--------+
         Total |    872 |    856 |     16 |      0 |    775 |   2 |  436.0 |
       Dungeon |    872 |    856 |     16 |      0 |    775 |   2 |  436.0 |
               +--------+--------+--------+--------+--------+-----+--------+

Top non-repeatable levels by time:
     D:1: 696 daAuts
     D:2: 176 daAuts
